 Dungeon Crawl Stone Soup version 0.24-a0-784-g601f8f6d22 (webtiles) character file.

Game seed: 14156544980483490893, levelgen mode: deterministic

121 Arixos the Sneak (level 4, 0/25 HPs)
             Began as a Vampire Enchanter on Oct 9, 2019.
             Slain by a ball python (1 damage)
             ... in a sewer.
             The game lasted 00:11:48 (2487 turns).

Arixos the Sneak (Vampire Enchanter)                Turns: 2487, Time: 00:11:48

Health: 0/25       AC:  0    Str:  5 (7)  XL:     4   Next: 76%
Magic:  3/7        EV: 18    Int: 15 (17) God:
Gold:   74         SH:  0    Dex: 18 (20) Spells: 1/7 levels left

rFire    . . .     SeeInvis +   (weapon currently unavailable)
rCold    + + .     Gourm    .   (shield currently unavailable)
rNeg     + + +     Faith    .   (armour currently unavailable)
rPois    ∞         Spirit   .   (helmet currently unavailable)
rElec    .         Reflect  .   (cloak currently unavailable)
rCorr    .         Harm     .   (gloves currently unavailable)
MR       .....                  (boots currently unavailable)
Stlth    +++++.....             (no amulet)
HPRegen  0.00/turn              (ring currently unavailable)
MPRegen  0.10/turn              (ring currently unavailable)

@: bat-form, flying, bloodless, regenerating quickly, constricted, very quick
A: tiny, no food, fangs 3, see invisible
a: Revivify, End Transformation


You were in a sewer.
You were bloodless.
You were in vampire-bat-form.
You visited 1 branch of the dungeon, and saw 3 of its levels.
You also visited: Sewer.

You collected 74 gold pieces.

Inventory:

Hand Weapons
 f - a +0 dagger of draining (melded)
Armour
 b - a +0 robe (melded)
Jewellery
 e - a +5 ring of strength (melded)
 m - a +3 ring of strength (melded)
Scrolls
 c - a scroll of teleportation
 h - 3 scrolls of identify
Potions
 a - 3 potions of brilliance
 d - a potion of might {unknown}
 g - a potion of berserk rage {unknown}
 i - 2 potions of curing {unknown}
 j - 2 potions of heal wounds {unknown}
 k - a potion of cancellation {unknown}
 l - a potion of lignification {unknown}
 n - 2 potions of magic {unknown}
 o - a potion of invisibility {unknown}
 p - 4 potions of flight {unknown}


   Skills:
 + Level 1.4 Fighting
 + Level 2.2 Short Blades
 + Level 3.0 Dodging
 + Level 5.2 Stealth
 + Level 2.4 Spellcasting
 + Level 5.1 Hexes
 + Level 0.6 Ice Magic


You had one spell level left.
You knew the following spells:

 Your Spells              Type           Power        Failure   Level  Hunger
a - Ensorcelled Hibernat  Hex/Ice        ##....       10%         2    N/A
b - Corona                Hex            ###....      2%          1    N/A
c - Confuse               Hex            ###.....     8%          3    N/A

Your spell library contained the following spells:

 Spells                   Type           Power        Failure   Level  Hunger
 Tukima's Dance           Hex            ###.....     8%          3    N/A
 Dazzling Spray           Conj/Hex       #.....       22%         3    N/A

Dungeon Overview and Level Annotations

Branches:
Dungeon (3/15)              Sewer (1/1)

Altars:
Nemelex Xobeh

Annotations:
Sewer Purgy


Innate Abilities, Weirdness & Mutations

You do not eat.
You do not regenerate when monsters are visible.
You are frail without blood (-20% HP).
You are immune to poison.
You have razor-sharp teeth.
You have supernaturally acute eyesight. (SInv)
((You can survive without breathing.))


Message History

* * * LOW HITPOINT WARNING * * *
Purgy barely misses you.
Your unstable footing causes you to fumble your attack.
The ball python hisses angrily.
Purgy barely misses you. Purgy closely misses you. Purgy claws you.
* * * LOW HITPOINT WARNING * * *
You fail to use your ability.
The ball python barely misses you. The ball python grabs you.
* * * LOW HITPOINT WARNING * * *
The ball python constricts you. Purgy barely misses you. x2
Purgy claws you but does no damage.
You fly out of the water as you turn into a vampire bat.
Your +0 dagger of draining melds into your body.
Your +0 robe melds into your body.
Your +5 ring of strength melds into your body.
Your +3 ring of strength melds into your body.
You feel weaker. x2; You feel weakened.
You feel dopey.
You feel clumsy. The ball python bites you.
* * * LOW HITPOINT WARNING * * *
You die...

≈≈≈≈≈≈≈≈≈≈≈≈≈≈≈≈≈≈≈≈##
≈≈≈≈≈≈≈≈≈≈≈≈≈≈≈≈≈≈≈≈≈##
≈≈≈≈##..≈≈≈≈≈≈≈≈≈≈≈≈≈≈#
≈.≈.##.#.###..≈≈≈≈≈≈≈≈#≈
≈.######≈# ###.≈≈≈≈≈≈≈≈≈
..# #.# #.≈≈≈≈≈≈≈≈≈ ≈##
#≈# #..≈≈≈≈≈≈≈≈ ## #≈#
##≈≈S≈≈≈≈≈≈ # #≈#
#.b≈≈≈≈≈≈≈ # ##≈##
##T≈≈≈≈≈≈≈ # #.≈.#
##.≈≈≈≈≈≈ #.∩.# ≈≈≈≈≈≈≈
#...# #≈≈≈≈≈≈ #####
.≈≈≈≈≈ # ≈≈≈≈≈≈ # ≈≈≈≈≈≈
##


You could see Purgy and a ball python.

Vanquished Creatures
  6 adders
  3 dart slugs
  A leopard gecko (D:3)
  An orc (D:3)
  5 ball pythons
  A giant cockroach (D:2)
  8 hobgoblins
  2 jackals (D:1)
  4 kobolds
  A quokka (D:3)
  8 bats
  9 frilled lizards
  10 goblins
  5 rats
64 creatures vanquished.

Notes
Turn   | Place    | Note
-------+----------+-------------------------------------------
     0 | D:1      | Arixos the Vampire Enchanter began the quest for the Orb.
     0 | D:1      | Reached XP level 1. HP: 13/13 MP: 3/3
   330 | D:1      | Reached XP level 2. HP: 12/15 MP: 0/5
   539 | D:1      | Learned a level 2 spell: Ensorcelled Hibernation
   991 | D:1      | Reached XP level 3. HP: 20/20 MP: 1/6
  1136 | D:1      | Found a sparkling altar of Nemelex Xobeh.
  1281 | D:2      | Reached skill level 1 in Fighting
  1381 | D:2      | Reached skill level 5 in Stealth
  1465 | D:2      | Learned a level 3 spell: Confuse
  1547 | D:2      | Reached XP level 4. HP: 25/25 MP: 7/7
  2234 | D:3      | Reached skill level 5 in Hexes
  2254 | D:3      | Found a glowing drain.
  2267 | Sewer    | Entered a sewer
  2476 | Sewer    | Noticed Purgy
  2487 | Sewer    | HP: 1/25 [ball python (2)]
  2487 | Sewer    | Slain by a ball python

Levels and vault maps discovered:
D:1:      tarquinn_simple_flora_water_d, layout_loops_ring,
          chequers_mini_garden, nemelex_xobeh_ov_fountains_minmay
D:2:      layout_rooms, minmay_ruptured
D:3:      layout_basic, nicolae_overflow_hidden_temple, portal_sewer_entry_d
Sewer:    sewer_co_purgy_island

Skill      XL: |  1  2  3  4 |
---------------+-------------+-----
Fighting       | 1 |  1.4
Stealth        | 5 |  5.2
Short Blades   | 2 |  2.2
Dodging        | 3 |  3.0
Hexes          | 5 |  5.1
Spellcasting   | |  2.4
Ice Magic      | |  0.6

Action                   |  1- 3 |  4- 6 || total
-------------------------+-------+-------++-------
Melee: Dagger            |    75 |    46 ||   121
       Bite              |     6 |     2 ||     8
 Cast: Corona            |    12 |       ||    12
       Ensorcelled Hiber |     8 |    21 ||    29
       Confuse           |       |     1 ||     1
 Abil: Exsanguinate      |     1 |       ||     1
       Bat Form          |       |     1 ||     1
  Use: Scroll            |       |     3 ||     3
 Stab: Sleeping          |    28 |    18 ||    46
Armor: Robe              |     8 |     7 ||    15
Dodge: Dodged            |    34 |    34 ||    68

Table legend:
 A = Non-vault XP
 B = Vault XP
 C = Vault XP percentage of total XP
 D = Non-vault monster count
 E = Vault monster count
 F = Vault count percentage of total count
                 A         B        C        D         E       F
            +---------+---------+-------+---------+---------+-------
      Total |     138 |      35 |  20.2 |      55 |       9 |  14.1
            +---------+---------+-------+---------+---------+-------
        D:1 |      49 |       0 |   0.0 |      29 |       0 |   0.0
        D:2 |      65 |      15 |  18.8 |      20 |       3 |  13.0
        D:3 |      24 |      13 |  35.1 |       6 |       1 |  14.3
      Sewer |       0 |       7 | 100.0 |       0 |       5 | 100.0
            +---------+---------+-------+---------+---------+-------
